 Dungeon Crawl Stone Soup version 0.21.1-1-g345015f (webtiles) character file.

147 inc the Vexing (level 5, -5/23 HPs)
             Began as a Felid Enchanter on Feb 21, 2018.
             Was an Initiate of Wu Jian.
             Slain by a river rat (8 damage)
             ... in a sewer.
             The game lasted 00:11:16 (3504 turns).

inc the Vexing (Felid Enchanter)                    Turns: 3504, Time: 00:11:16

Health: -5/23      AC:  1    Str:  4    XL:     5   Next: 8%
Magic:  1/9        EV: 18    Int: 18    God:    Wu Jian [......]
Gold:   80         SH:  0    Dex: 16    Spells: 5/8 levels left
                                        Lives:  0   Deaths: 1

rFire    . . .     SeeInvis +     - Unarmed
rCold    . . .     Gourm    .   (shield unavailable)
rNeg     . . .     Faith    .   (armour unavailable)
rPois    .         Spirit   .   (helmet unavailable)
rElec    .         Reflect  .   (cloak unavailable)
rCorr    .         Harm     .   (gloves unavailable)
MR       .....                  (boots unavailable)
Stlth    +++.......             (no amulet)
HPRegen  0.07/turn              (no ring)
MPRegen  0.11/turn              (no ring)

@: very slightly contaminated, quick
A: very small, no armour, no weapons or thrown items, stealth, claws 1, fangs 3,
see invisible, carnivore, speed 1, shaggy fur 1, slow metabolism 1, sharp paws
a: Renounce Religion


You were in a sewer.
You worshipped Wu Jian.
Wu Jian was noncommittal.
You were not hungry.

You visited 1 branch of the dungeon, and saw 3 of its levels.
You also visited: Sewer.

You collected 80 gold pieces.

Inventory:

Scrolls
 d - a scroll of fog
 e - a scroll of identify
 f - a scroll of teleportation {unknown}
 k - a scroll of enchant weapon {unknown}
Potions
 c - a potion of mutation
 i - 3 potions of curing
 j - a potion of brilliance
Books
 a - a book of Maledictions

   Spells                             Type                      Level
   a - Corona                         Hexes                        1
   b - Ensorcelled Hibernation        Hexes/Ice                    2
   c - Confuse                        Hexes                        3
   d - Tukima's Dance                 Hexes                        3
   e - Dazzling Spray                 Conjuration/Hexes            3
Comestibles
 b - 7 rations


   Skills:
 - Level 2.4 Fighting
 - Level 2.9 Dodging
 - Level 4.2 Stealth
 - Level 4.2 Unarmed Combat
 - Level 2.0 Spellcasting
 + Level 5.1 Hexes
 * Level 0.6 Ice Magic


You had 5 spell levels left.
You knew the following spells:

 Your Spells              Type           Power        Failure   Level  Hunger
a - Corona                Hex            ###....      2%          1    #......
b - Ensorcelled Hibernat  Hex/Ice        ##....       9%          2    ###....


Dungeon Overview and Level Annotations

Branches:
Dungeon (3/15)

Altars:
Hepliaklqana
Sif Muna
Trog
Wu Jian


Innate Abilities, Weirdness & Mutations

You cannot wear armour.
You are incapable of wielding weapons or throwing items.
Your paws allow you to move quietly. (Stealth)
You have sharp claws.
You have razor-sharp teeth.
You have supernaturally acute eyesight. (SInv)
You are carnivorous and can eat meat at any time.
You cover ground quickly.
You are covered in fur. (AC +1)
You have a slow metabolism.
Your sharp claws are effective at attacking unaware monsters.


Message History

You scratch the river rat.
The river rat is moderately wounded.
The river rat barely misses you.
You closely miss the river rat.
The river rat is moderately wounded.
The river rat bites you!
* * * LOW HITPOINT WARNING * * *
There is an open door here.
You see here a kobold corpse.
Okay, then.
As you read the scroll labeled RINOLAITSOREE, it crumbles to dust.
The scroll dissolves into smoke.
It was a scroll of fog.
You start resting.
Casting: Ensorcelled Hibernation
Confirm with . or Enter, or press ? or * to list all spells.
You don't have enough magic to cast that spell.
You scratch the river rat but do no damage.
The river rat is moderately wounded.
The river rat bites you!
You die...

≈≈≈≈≈≈≈≈≈≈≈≈≈≈≈≈≈≈≈ #
≈≈≈≈≈≈≈≈≈≈≈≈≈≈≈≈≈≈ ≈#
≈≈≈≈≈≈≈≈≈≈≈≈≈≈≈≈≈ ≈≈#
≈≈≈≈≈≈≈≈≈≈≈≈≈≈≈#######≈≈#
.≈≈≈.≈≈≈≈≈≈≈≈§§#.§#..#≈≈#
........≈≈..≈§§#§....#≈≈#
........(.().r§r§§§.##≈≈#
..##....(...r§§#r§§..#≈≈#
.#####..÷((..§##@§#..#≈≈#
..######...###########≈≈#
#..∩# ##### ≈≈# ##### ≈#
≈# #


You could see a river rat and a rat.

Vanquished Creatures
  6 adders
  7 river rats
  3 oozes
  7 worms
  2 dart slugs (D:1)
  3 orcs (D:3)
  11 bats
  2 giant cockroaches
  5 goblins
  8 hobgoblins
  3 jackals (D:1)
  5 kobolds
  A quokka (D:2)
  A frilled lizard (D:1)
  12 rats
76 creatures vanquished.

Vanquished Creatures (others)
  A giant cockroach (D:1)
  A bat (D:1)
2 creatures vanquished.

Grand Total: 78 creatures vanquished

Notes
Turn   | Place    | Note
-------+----------+-------------------------------------------
     0 | D:1      | inc the Felid Enchanter began the quest for the Orb.
     0 | D:1      | Reached XP level 1. HP: 7/7 MP: 4/4
   336 | D:1      | Reached XP level 2. HP: 6/11 MP: 0/6
   350 | D:1      | Learned a level 2 spell: Ensorcelled Hibernation
   962 | D:1      | Reached XP level 3. HP: 10/14 MP: 0/7
  2098 | D:2      | Reached XP level 4. HP: 18/18 MP: 8/8
  2260 | D:3      | Found a bloodstained altar of Trog.
  2263 | D:3      | Found an ornate altar of the Wu Jian Council.
  2268 | D:3      | Found a deep blue altar of Sif Muna.
  2322 | D:3      | Found a hazy altar of Hepliaklqana.
  2328 | D:3      | Became a worshipper of the Wu Jian Council
  2751 | D:3      | Reached skill level 1 in Fighting
  2845 | D:3      | Reached XP level 5. HP: 7/22 MP: 1/9
  2883 | D:3      | Slain by an adder
  2884 | D:3      | Reached XP level 4. HP: -1/19 MP: 5/8
  2961 | D:3      | Found a glowing drain.
  2971 | Sewer    | Entered a sewer
  3251 | Sewer    | Reached skill level 5 in Hexes
  3408 | Sewer    | Reached XP level 5. HP: 22/23 MP: 0/9
  3504 | Sewer    | Slain by a river rat

Skill      XL: |  1  2  3  4 |
---------------+-------------+-----
Unarmed Combat | 2 3 4 |  4.2
Fighting       | 2 |  2.4
Hexes          | 5 |  5.1
Dodging        | |  2.9
Stealth        | |  4.2
Spellcasting   | |  2.0
Ice Magic      | |  0.6

Action                   |  1- 3 |  4- 6 || total
-------------------------+-------+-------++-------
Melee: Unarmed           |    76 |   127 ||   203
       Bite              |     8 |     7 ||    15
 Cast: Corona            |     5 |       ||     5
       Ensorcelled Hiber |    24 |    38 ||    62
Invok: Lunge             |       |     4 ||     4
  Use: Scroll            |     3 |     3 ||     6
       Potion            |       |     3 ||     3
 Stab: Sleeping          |    32 |    20 ||    52
  Eat: Chunk             |    11 |     2 ||    13
Armor: Skin              |     9 |     2 ||    11
Dodge: Dodged            |    65 |    77 ||   142
